Map: 벨시르 잔재 (공허)

Players

aLive - Winner!

  • Race: Terran Terran
  • Spawn Location: 5:00

Harstem

  • Race: Protoss Protoss
  • Spawn Location: 11:00

Event: IEM XI Katowice - World Championship 2017

VOD

Have the link to the VOD?

Description

Time

  • Played on: March 2, 2017, 1:39 a.m.
  • Length: 9:11

All games in this series

Show
View Real Time Build Order
Export as new Build Order

aLive Terran - Winner!

Build Orders: Cyclone Opening, Reaper Expand, MMM Bio 

Get SALT Encoding   

  12  0:00  SCV  
  13  0:13  SCV  
  14  0:16  Supply Depot  
  14  0:25  SCV  
  15  0:29  Refinery  
  15  0:38  SCV  
  16  0:43  Barracks  
  16  0:50  SCV  
  17  1:02  SCV  
  18  1:14  SCV  
  19  1:29  Orbital Command  
  19  1:30  Reaper  
  20  1:41  Command Center  
  20  1:53  Factory  
  20  1:56  SCV  
  21  2:02  Refinery  
  21  2:06  Barracks Reactor  
  22  2:08  SCV  
  22  2:15  Supply Depot  
  22  2:26  SCV  
  23  2:32  Bunker  
  23  2:37  Cyclone  
  23  2:38  SCV  
  23  2:43  Marine  
  28  2:45  Marine  
  28  2:51  SCV  
  30  2:56  Orbital Command  
  30  3:01  Marine  
  30  3:03  Marine  
  30  3:05  SCV  
  33  3:11  Cyclone  
  34  3:17  SCV  
  34  3:25  Starport  
  34  3:26  SCV  
  35  3:30  SCV  
  35  3:33  Marine x2  
  38  3:38  SCV  
  39  3:44  SCV  
  39  3:46  Widow Mine  
  39  3:47  Supply Depot  
  42  3:50  SCV  
  42  3:52  Marine x2  
  45  3:58  Barracks  
  45  4:00  SCV  
  45  4:02  SCV  
  46  4:09  Barracks, Medivac  
  48  4:14  SCV x2  
  50  4:19  Marine x2  
  50  4:22  Supply Depot  
  52  4:26  Liberator, SCV x2  
  52  4:28  Factory Tech Lab  
  54  4:43  SCV x2  
  59  4:46  Supply Depot  
  59  4:47  Supply Depot  
  59  4:49  Bunker  
  59  4:50  Barracks Tech Lab  
  59  4:55  SCV x2  
  61  5:07  SCV x2  
  61  5:09  Marine  
  61  5:10  Marine  
  61  5:12  Marine  
  63  5:16  Stimpack  
  63  5:20  SCV x2  
  62  5:22  Factory Reactor  
  61  5:32  SCV x2  
  62  5:37  Marine  
  62  5:38  Marine x3, Combat Shields, Engineering Bay  
  62  5:39  Starport Reactor  
  66  5:45  Refinery x2  
  66  5:46  Supply Depot  
  66  5:47  SCV x2  
  62  5:55  Marine x2  
  62  5:56  Marine  
  65  5:59  SCV x2  
  65  6:01  Widow Mine x2  
  65  6:02  Marine  
  72  6:05  Terran Infantry Weapons Level 1  
  70  6:13  Missile Turret  
  70  6:15  Medivac x2  
  70  6:16  Marine x3  
  70  6:17  SCV x2  
  79  6:20  Marine  
  79  6:21  Supply Depot  
  79  6:25  Supply Depot  
  80  6:29  SCV x2  
  80  6:30  Widow Mine x2  
  86  6:37  Barracks  
  86  6:38  Barracks  
  86  6:40  Supply Depot  
  86  6:42  Marine x4  
  90  6:47  Medivac x2  
  90  6:52  Supply Depot  
  94  6:57  Concussive Shells  
  94  7:06  Marine x2  
  94  7:07  Widow Mine x2, Marauder x2  
  104  7:10  Supply Depot  
  104  7:18  Liberator x2  
  104  7:33  Marine x2  
  104  7:34  Marauder x2, Barracks Tech Lab, Barracks Reactor  
  113  7:40  Supply Depot  
  113  7:41  Supply Depot x2  
  113  7:55  Marine x2  
  113  7:56  Widow Mine x2, Marauder x3  
  124  8:02  Liberator x2  
  124  8:11  Marine x2  
  124  8:13  Marine x2  
  124  8:17  Marauder  
  124  8:18  Marauder x2  
  133  8:34  Command Center  
  130  8:37  Marine x2  
  130  8:38  Marine x2  
  134  8:44  Marauder x2  
Show
View Real Time Build Order
Export as new Build Order

Harstem Protoss 

Build Orders: Oracle Opening 

Get SALT Encoding   

  12  0:00  Probe (Chrono Boost)  
  13  0:11  Probe (Chrono Boost)  
  14  0:17  Pylon  
  14  0:22  Probe (Chrono Boost)  
  16  0:35  Probe (Chrono Boost)  
  16  0:36  Gateway  
  16  0:41  Assimilator  
  16  0:46  Probe (Chrono Boost)  
  17  0:56  Probe (Chrono Boost)  
  18  1:05  Pylon  
  18  1:07  Probe (Chrono Boost)  
  19  1:18  Probe (Chrono Boost)  
  20  1:20  Zealot  
  20  1:24  Cybernetics Core  
  22  1:32  Probe (Chrono Boost)  
  23  1:44  Probe (Chrono Boost)  
  24  1:55  Nexus  
  24  2:01  Mothership Core (Chrono Boost)  
  26  2:09  Adept  
  26  2:13  Assimilator  
  26  2:14  Pylon  
  28  2:21  Probe (Chrono Boost)  
  29  2:29  Warp Gate  
  29  2:33  Adept, Probe (Chrono Boost)  
  33  2:45  Probe (Chrono Boost)  
  32  2:56  Probe (Chrono Boost)  
  31  3:06  Probe (Chrono Boost)  
  33  3:12  Probe (Chrono Boost)  
  33  3:15  Stargate  
  33  3:17  Probe (Chrono Boost)  
  34  3:23  Probe (Chrono Boost)  
  34  3:26  Adept  
  37  3:27  Probe (Chrono Boost)  
  37  3:34  Probe (Chrono Boost)  
  39  3:38  Probe (Chrono Boost)  
  40  3:44  Probe (Chrono Boost)  
  42  3:48  Probe (Chrono Boost), Gateway  
  42  3:51  Gateway  
  42  3:53  Pylon  
  42  3:55  Oracle, Probe (Chrono Boost)  
  43  4:00  Probe (Chrono Boost)  
  47  4:05  Probe (Chrono Boost)  
  48  4:12  Probe (Chrono Boost)  
  48  4:16  Probe (Chrono Boost)  
  50  4:23  Pylon  
  51  4:24  Probe (Chrono Boost)  
  51  4:26  Probe (Chrono Boost)  
  52  4:33  Stalker  
  52  4:37  Probe (Chrono Boost)  
  58  4:43  Pylon, Probe (Chrono Boost)  
  58  4:45  Nexus, Assimilator  
  59  4:48  Phoenix  
  59  4:51  Assimilator  
  58  4:55  Probe (Chrono Boost)  
  59  5:01  Probe (Chrono Boost)  
  61  5:07  Probe (Chrono Boost)  
  61  5:11  Probe (Chrono Boost)  
  61  5:13  Adept x2, Stalker  
  68  5:19  Probe (Chrono Boost)  
  69  5:22  Probe (Chrono Boost)  
  69  5:31  Probe (Chrono Boost)  
  69  5:32  Probe (Chrono Boost)  
  67  5:36  Adept x2, Stalker  
  74  5:43  Probe x2 (Chrono Boost), Forge  
  74  5:46  Phoenix  
  74  5:48  Twilight Council  
  77  5:54  Probe (Chrono Boost)  
  77  5:55  Probe (Chrono Boost)  
  78  6:01  Adept, Sentry  
  83  6:04  Probe (Chrono Boost)  
  83  6:09  Protoss Ground Weapons Level 1  
  83  6:10  Pylon, Phoenix, Probe (Chrono Boost)  
  84  6:13  Probe (Chrono Boost)  
  84  6:15  Resonating Glaives  
  84  6:16  Adept  
  89  6:25  Gateway  
  89  6:28  Gateway  
  89  6:32  Probe (Chrono Boost)  
  92  6:33  Gateway, Probe (Chrono Boost)  
  92  6:36  Pylon  
  91  6:42  Pylon, Phoenix  
  91  6:43  Adept  
  91  6:45  Adept  
  97  6:51  Pylon  
  98  6:54  Pylon, Probe (Chrono Boost)  
  98  6:55  Adept  
  101  7:01  Probe (Chrono Boost)  
  101  7:05  Probe (Chrono Boost)  
  101  7:06  Adept x2  
  101  7:07  Phoenix  
  108  7:12  Robotics Facility  
  108  7:17  Adept  
  108  7:22  Probe (Chrono Boost)  
  107  7:26  Probe (Chrono Boost)  
  107  7:27  Probe (Chrono Boost)  
  108  7:32  Phoenix  
  108  7:33  Adept x4  
  108  7:34  Probe (Chrono Boost)  
  119  7:37  Pylon  
  119  7:48  Probe (Chrono Boost)  
  119  7:50  Probe (Chrono Boost)  
  122  7:51  Probe (Chrono Boost)  
  122  7:57  Phoenix  
  122  7:58  Adept x6, Observer  
  132  8:03  Pylon  
  130  8:18  Adept x4  
  136  8:20  Mothership Core (Chrono Boost)  
  136  8:22  Probe (Chrono Boost)  
  134  8:30  Probe (Chrono Boost)  
  134  8:34  Adept x2  
  137  8:39  Pylon, Probe (Chrono Boost)  
  137  8:41  Observer, Photon Cannon  
  128  9:06  Stalker x4  
  128  9:07  Stalker  

Tags
 
Add a new tag
Caveats
  • Supply blocks, unpowered buildings, or Contaminate may cause inaccurate times.
  • Supply counts are checked every 10 seconds.